 Dungeon Crawl Stone Soup version 0.24-a0-451-g263dff2034 (webtiles) character file.

Game seed: 17845790519843498598

2959 Mrkan the Blocker (level 9, 0/60 HPs)
             Began as a Gargoyle Fighter on June 26, 2019.
             Was a Follower of Okawaru.
             Slain by Prince Ribbit (1 damage)
             ... on level 7 of the Dungeon.
             The game lasted 00:17:44 (6813 turns).

Mrkan the Blocker (Gargoyle Fighter)                Turns: 6813, Time: 00:17:44

Health: 0/60       AC: 22    Str: 20    XL:     9   Next: 81%
Magic:  9/9        EV:  5    Int: 12    God:    Okawaru [*.....]
Gold:   388        SH: 13    Dex:  9    Spells: 8/8 levels left

rFire    + . .     SeeInvis +   k - +1 whip (venom)
rCold    x . .     Gourm    .   c - +1 shield
rNeg     + . .     Faith    .   q - +0 plate armour
rPois    ∞         Spirit   .   l - +0 hat
rElec    +         Reflect  .   i - +2 cloak of the Thief {+Fog Slay-2 SInv Stlth+}
rCorr    .         Harm     .   a - +0 pair of gloves (curse)
MR       .....                  (no boots)
Stlth    ..........             (no amulet)
HPRegen  0.20/turn              h - ring of fire
MPRegen  0.11/turn              (no ring)

@: no status effects
A: negative energy resistance 1, electricity resistance, unbreathing,
petrification resistance, rot immunity, AC +6
a: Heroism, Renounce Religion, Evoke Fog


You were on level 7 of the Dungeon.
You worshipped Okawaru.
Okawaru was aware of your devotion.
You were not hungry.

You visited 1 branch of the dungeon, and saw 7 of its levels.

You collected 388 gold pieces.

Inventory:

Hand Weapons
 k - a +1 whip of venom (weapon)
 D - a +0 long sword of holy wrath
 E - a +0 morningstar
Armour
 a - a cursed +0 pair of gloves (worn)
 c - a +1 shield (worn)
 i - the +2 cloak of the Thief (worn) {+Fog Slay-2 SInv Stlth+}
   (You found it on level 5 of the Dungeon)

   It affects your accuracy and damage with ranged weapons and melee attacks
   (-2).
   It lets you see invisible.
   It makes you more stealthy.
 l - a +0 hat (worn)
 q - a +0 plate armour (worn)
Jewellery
 h - a ring of fire (left hand)
Wands
 p - a wand of random effects (28)
 r - a wand of flame (30)
 w - a wand of clouds (5)
 B - a wand of paralysis (8)
Scrolls
 b - 6 scrolls of teleportation
 g - 3 scrolls of enchant armour
 j - 5 scrolls of remove curse
 n - a scroll of noise
 o - a scroll of torment {unknown}
 t - 4 scrolls of identify
 x - 3 scrolls of magic mapping
Potions
 e - a potion of ambrosia
 m - 2 potions of heal wounds
 s - a potion of cancellation
 u - 5 potions of curing
 z - a potion of agility
 A - a potion of brilliance
 C - a potion of resistance {unknown}
 G - 2 potions of mutation {unknown}
Comestibles
 d - 4 chunks of flesh
 f - 16 rations


   Skills:
 + Level 8.5 Fighting
 + Level 5.2 Maces & Flails
 - Level 3.2 Armour
 * Level 11.3 Shields


You had 8 spell levels left.
You didn't know any spells.
Your spell library was empty.

Dungeon Overview and Level Annotations

Branches:
Dungeon (7/15)             Temple (0/1) D:7

Altars:
Ashenzari
Cheibriados
Dithmenos
Elyvilon
Nemelex Xobeh
Okawaru
Qazlal
Ru
Sif Muna
Wu Jian
Xom
Yredelemnul

Shops:
D:5 =

Annotations:
D:7 Prince Ribbit


Innate Abilities, Weirdness & Mutations

You are resistant to torment.
Your stone body is resilient. (AC +6)
You are immune to poison.
You resist negative energy. (rN+)
You are resistant to electric shocks. (rElec)
You can survive without breathing.
You are immune to petrification.
You are immune to rotting.


Message History

Prince Ribbit croaks regally.
Prince Ribbit hits you.
You hit Prince Ribbit.
Prince Ribbit is poisoned.
Prince Ribbit is lightly wounded.
You block Prince Ribbit's attack.
You hit Prince Ribbit.
Prince Ribbit looks as sick as possible!
Prince Ribbit is moderately wounded.
You block Prince Ribbit's attack.
You closely miss Prince Ribbit.
Prince Ribbit is moderately wounded.
Prince Ribbit hits you!
* * * LOW HITPOINT WARNING * * *
Prince Ribbit hits you!
* * * LOW HITPOINT WARNING * * *
You hit Prince Ribbit.
Prince Ribbit looks as sick as possible!
Prince Ribbit is moderately wounded.
Prince Ribbit hits you.
You die...

.# ##..# ##.... .# #..##
####. )## ##..# ## ..#
#..## #.## #..# ...##
##..# ....## ##..##
..#..## ###########...#
.###..###.......@F....###
##..........#########...##
#...#..###### #.####...##
......## ##....###..##
.###..# #......###..######
###..## #........#....)[).
##..# #...)........#####
#..## #...........## #
##..# #............#


You could see Prince Ribbit.

Vanquished Creatures
  A hippogriff (D:7)
  Sigmund (D:6)
  Duvessa (D:7)
  An ice beast (D:6)
  2 black bears (D:6)
  3 orc warriors
  2 ogres
  2 centaurs
  A big kobold (D:6)
  5 bullfrogs
  Dowan (D:7)
  2 howler monkeys
  A quasit (D:6)
  A centaur zombie (D:5)
  A bullfrog zombie (D:5)
  A hound (D:5)
  2 jellies
  3 orc priests
  3 centaur skeletons
  A bullfrog skeleton (D:5)
  5 orc wizards
  An iguana (D:6)
  Natasha (thrice) (D:3)
  4 worker ants
  A hound skeleton (D:5)
  A worker ant zombie (D:5)
  7 gnolls
  9 adders
  2 shadow imps (D:7)
  2 oozes
  An adder zombie (D:6)
  7 worms
  3 dart slugs
  3 leopard geckos
  19 orcs
  5 giant cockroaches
  13 goblins
  5 hobgoblins
  20 jackals
  14 kobolds
  4 quokkas
  3 ball pythons
  A ball python skeleton (D:4)
  13 bats
  5 frilled lizards
  2 jackal skeletons
  A jackal zombie (D:6)
  9 rats
198 creatures vanquished.

Notes
Turn   | Place    | Note
-------+----------+-------------------------------------------
     0 | D:1      | Mrkan the Gargoyle Fighter began the quest for the Orb.
     0 | D:1      | Reached XP level 1. HP: 14/14 MP: 1/1
    84 | D:1      | Reached XP level 2. HP: 17/19 MP: 2/2
   243 | D:1      | Reached skill level 4 in Shields
   262 | D:1      | Reached XP level 3. HP: 14/24 MP: 3/3
  1067 | D:2      | Reached XP level 4. HP: 26/29 MP: 4/4
  1234 | D:2      | Reached skill level 5 in Shields
  1597 | D:2      | Reached XP level 5. HP: 34/34 MP: 5/5
  1910 | D:3      | Noticed Natasha
  1922 | D:3      | Killed Natasha
  2159 | D:3      | Reached skill level 6 in Shields
  2196 | D:3      | Noticed a centaur
  2213 | D:3      | Killed a centaur
  2213 | D:3      | Reached skill level 5 in Fighting
  2213 | D:3      | Reached XP level 6. HP: 20/40 MP: 6/6
  2384 | D:3      | Noticed Natasha
  2545 | D:3      | Killed Natasha
  2688 | D:3      | Noticed Natasha
  2693 | D:3      | Killed Natasha
  2693 | D:3      | Reached skill level 7 in Shields
  2790 | D:4      | Found a shattered altar of Ashenzari.
  2791 | D:4      | Found a deep blue altar of Sif Muna.
  2791 | D:4      | Found a sparkling altar of Nemelex Xobeh.
  2791 | D:4      | Found a white marble altar of Elyvilon.
  2791 | D:4      | Found a basalt altar of Yredelemnul.
  2798 | D:4      | Reached XP level 7. HP: 43/44 MP: 7/7
  3338 | D:4      | Found an ornate altar of the Wu Jian Council.
  3613 | D:4      | Found a sacrificial altar of Ru.
  3614 | D:4      | Found a snail-covered altar of Cheibriados.
  3666 | D:5      | Entered Level 5 of the Dungeon
  3679 | D:5      | Reached skill level 8 in Shields
  3681 | D:5      | Found a stormy altar of Qazlal.
  3688 | D:5      | Noticed an air elemental
  3688 | D:5      | Noticed a fire elemental
  3688 | D:5      | Noticed a water elemental
  3914 | D:5      | Found a shimmering altar of Xom.
  3946 | D:5      | Found Doenuir's Jewellery Emporium.
  4109 | D:5      | Reached XP level 8. HP: 46/52 MP: 8/8
  4460 | D:5      | Found the +2 cloak of the Thief {+Fog Slay-2 SInv Stlth+}
  4645 | D:5      | Got a jewelled dagger
  4646 | D:5      | Identified the +1 dagger of Ashe {holy, *Noise rF+++ SInv}
                  | (You found it on level 5 of the Dungeon)
  4819 | D:6      | Reached skill level 9 in Shields
  5134 | D:6      | Reached skill level 10 in Shields
  5324 | D:6      | Found an iron altar of Okawaru.
  5324 | D:6      | Found a shadowy altar of Dithmenos.
  5400 | D:6      | Reached XP level 9. HP: 24/57 MP: 9/9
  5700 | D:6      | Became a worshipper of Warmaster Okawaru
  5858 | D:6      | Noticed Sigmund
  5883 | D:6      | Killed Sigmund
  6215 | D:7      | Found a staircase to the Ecumenical Temple.
  6387 | D:7      | Reached * piety under Okawaru
  6455 | D:7      | Noticed Dowan
  6456 | D:7      | Noticed Duvessa
  6515 | D:7      | Killed Duvessa
  6522 | D:7      | Killed Dowan
  6522 | D:7      | Reached skill level 11 in Shields
  6633 | D:7      | Reached skill level 5 in Maces & Flails
  6747 | D:7      | Noticed Prince Ribbit
  6812 | D:7      | HP: 1/60 [Prince Ribbit (10)]
  6813 | D:7      | Slain by Prince Ribbit

Levels and vault maps discovered:
D:1:      roderic_dead_forest, layout_basic, chequers_serial_rivers_large_a
D:2:      layout_loops_ring, nicolae_underground_beach
D:3:      layout_basic, palyth_stone_intersect, uniq_natasha
D:4:      layout_loops_cross, grunt_temple_overflow_open, marbit_many_paths,
          gammafunk_temple_overflow_statue, first_ration, minmay_vboxes
D:5:      layout_basic, kennysheep_mini, nicolae_qazlal_style_of_elements,
          serial_shops, nicolae_shop_stone, serial_co_window_serial,
          co_window_paths_b, co_window_corner_a, co_window_of_opportunity_a,
          co_window_of_opportunity_a, co_window_paths_b, co_window_paths_a,
          co_window_paths_a, co_window_paths_a, co_window_paths_b,
          co_window_2corner, co_window_broadway_b, co_window_cross_4,
          glass_columns_c, glass_columns_a, glass_columns_c,
          minmay_misc_feat_hallway
D:6:      cheibrodos_thug_alley, layout_basic,
          gammafunk_temple_overflow_elements, uniq_sigmund
D:7:      layout_cave_pods, minmay_temple_entry_stoned_glass,
          uniq_prince_ribbit1, uniq_duvessa, uniq_crazy_yiuf_cottage

Skill      XL: |  1  2  3  4  5  6  7  8  9 |
---------------+----------------------------+-----
Shields        | 4 5 6 7 8 10 11 | 11.3
Fighting       | 4 5 6 7 8 |  8.5
Maces & Flails | 3 5 |  5.2
Armour         | |  3.2

Action                   |  1- 3 |  4- 6 |  7- 9 || total
-------------------------+-------+-------+-------++-------
Melee: Flail             |   126 |     3 |       ||   129
       Whip              |       |   275 |   655 ||   930
  Use: Scroll            |       |       |    15 ||    15
       Potion            |       |       |     1 ||     1
  Eat: Chunk             |     1 |     6 |    14 ||    21
Armor: Scale mail        |    75 |     4 |       ||    79
       Chain mail        |       |    99 |       ||    99
       Plate armour      |       |    41 |   364 ||   405
Dodge: Dodged            |    53 |    60 |    76 ||   189
Block: Shield            |    97 |   159 |   369 ||   625

Table legend:
 A = Non-vault XP
 B = Vault XP
 C = Vault XP percentage of total XP
 D = Non-vault monster count
 E = Vault monster count
 F = Vault count percentage of total count
                 A         B        C        D         E       F
            +---------+---------+-------+---------+---------+-------
      Total |    3583 |     645 |  15.3 |     182 |      16 |   8.1
            +---------+---------+-------+---------+---------+-------
        D:1 |      76 |       0 |   0.0 |      31 |       0 |   0.0
        D:2 |     117 |       0 |   0.0 |      32 |       0 |   0.0
        D:3 |     370 |      35 |   8.6 |      34 |       1 |   2.9
        D:4 |     296 |      55 |  15.7 |      19 |       3 |  13.6
        D:5 |     453 |       0 |   0.0 |      24 |       0 |   0.0
        D:6 |    1477 |     337 |  18.6 |      28 |      10 |  26.3
        D:7 |     794 |     218 |  21.5 |      14 |       2 |  12.5
            +---------+---------+-------+---------+---------+-------
